 Dungeon Crawl Stone Soup version 0.29.0-15-g675c0067aa (webtiles) character file.

Game seed: 6333495151862359553

1022 qw the Chopper (level 8, -5/49 HPs)
             Began as a Gargoyle Fighter on Sept 13, 2022.
             Slain by a gnoll
             ... wielding a +0 halberd
             ... led by a gnoll bouda
              (9 damage)
             ... on level 5 of the Dungeon.
             The game lasted 00:02:13 (6041 turns).

qw the Chopper (Gargoyle Fighter)                   Turns: 6041, Time: 00:02:14

Health: -5/49      AC: 15    Str: 23    XL:     8   Next: 22%
Magic:  8/8        EV:  8    Int:  8    God:
Gold:   1736       SH:  4    Dex:  9    Spells: 7/7 levels left

rFire   . . .      SeeInvis .   Y - +0 war axe
rCold   . . .      Faith    .   c - +0 buckler
rNeg    + . .      Spirit   .   g - +0 chain mail
rPois   inf        Reflect  .   h - +0 helmet
rElec   +          Harm     .   (no cloak)
rCorr   .          Rampage  .   (no gloves)
Will    .....                   (no boots)
Stlth   ..........              (no amulet)
HPRegen 0.16/turn               (no ring)
MPRegen 0.11/turn               (no ring)

@: no status effects
A: sickness immunity, AC +5, negative energy resistance 1, electricity
resistance, torment resistance 1, petrification resistance
a: no special abilities


You were on level 5 of the Dungeon.
You visited 1 branch of the dungeon, and saw 5 of its levels.
You also visited: Ossuary.

You collected 1736 gold pieces.


Innate Abilities, Weirdness & Mutations

You are immune to sickness and miasma.
Your stone body is resilient. (AC +5)
You are immune to poison.
You resist negative energy. (rN+)
You are resistant to electric shocks. (rElec)
You are resistant to unholy torment.
You are immune to petrification.


   Skills:
 - Level 5.1 Fighting
 + Level 7.6 Axes
 - Level 1.0 Throwing
 - Level 3.2 Armour
 - Level 1.6 Dodging
 - Level 3.2 Shields


You had 7 spell levels left.
You didn't know any spells.
Your spell library was empty.

Inventory:

Hand Weapons
 j - a +0 flail
 Y - a +0 war axe (weapon)
Missiles
 e - 5 boomerangs (quivered)
Armour
 c - a +0 buckler (worn)
 g - a +0 chain mail (worn)
 h - a +0 helmet (worn)
Jewellery
 b - a ring of ice
Scrolls
 a - 2 scrolls of identify
 n - a scroll of blinking
Potions
 d - 5 potions of might
 f - 2 potions of attraction
 i - a potion of haste
 k - 4 potions of curing
 l - a potion of cancellation {unknown}
 m - a potion of invisibility {unknown}

Dungeon Overview and Level Annotations

Branches:
Dungeon (5/15)            Ossuary (visited)
 Temple: D:4-7

Altars:
Qazlal

Annotations:
D:2 1 runed translucent door, Crazy Yiuf


Message History

The necrophage hits you but does no damage.
The gnoll barely misses you. You block the gnoll's attack.
The gnoll bouda hits you with a +0 whip of electrocution.
The gnoll barely misses you.
You barely miss the necrophage.
The necrophage is almost destroyed.
You hit the gnoll. You closely miss the gnoll bouda.
You closely miss the gnoll. The necrophage completely misses you.
The gnoll hits you but does no damage.
The gnoll bouda hits you with a +0 whip of electrocution.
The gnoll hits you but does no damage. The gnoll hits you with a +0 flail.
You block the necrophage's attack.
You closely miss the necrophage.
The necrophage is almost destroyed.
You hit the gnoll. x2
You hit the gnoll bouda but do no damage.
You hit the gnoll.
The gnoll is no longer moving quickly.
The gnoll hits you but does no damage. You block the gnoll bouda's attack.
The gnoll hits you with a +0 club. The gnoll barely misses you.
You block the gnoll's attack.
The necrophage hits you but does no damage.
The gnoll barely misses you.
You barely miss the necrophage.
The necrophage is almost destroyed.
You barely miss the gnoll. You hit the gnoll bouda. You hit the gnoll.
You closely miss the gnoll.
The gnoll is no longer moving quickly.
The gnoll bouda hits you but does no damage.
The gnoll closely misses you. The gnoll completely misses you.
The gnoll barely misses you.
The necrophage hits you but does no damage.
The gnoll hits you with a +0 flail! The gnoll bouda closely misses you.
You barely miss the necrophage.
The necrophage is almost destroyed.
You closely miss the gnoll bouda. You hit the gnoll.
You kill the gnoll!
You barely miss the gnoll. You hit the gnoll.
Your attacks no longer feel as feeble.
The gnoll barely misses you.
The gnoll hits you from afar with a +0 halberd!
You die...

#.## ##....## #...#
##...### #..###...##
#......##
##.....#######
##..##........##
#..###.........#7
#..###...........7~~
#.## #.....)@g..~~~~
#.. #.....ggng7~~~~
#. ##........~.P~. .
#............. #.
##............
##....7~P~~~.
#....777~~~~ ##...#
7~~~


You could see a necrophage, a gnoll bouda and 3 gnolls.

Vanquished Creatures
  2 wraiths (Ossuary)
  An ogre (D:4)
  A scorpion (D:4)
  2 wights (Ossuary)
  An orc priest (D:4)
  3 hounds
  3 iguanas (D:5)
  Natasha (twice) (D:2)
  An orc wizard (D:4)
  3 adders
  6 gnolls (D:5)
  A white imp (D:5)
  4 adder zombies (Ossuary)
  2 worms (D:3)
  3 dart slugs
  9 orcs
  6 ball pythons
  9 endoplasms
  5 giant cockroaches
  6 hobgoblins
  10 jackals
  9 kobolds
  5 quokkas
  2 ball python skeletons (Ossuary)
  4 bats
  3 frilled lizards (D:1)
  6 goblins
  A hobgoblin zombie (Ossuary)
  3 orc zombies (Ossuary)
  5 rats
118 creatures vanquished.

Vanquished Creatures (others)
  24 plants (D:5)
  4 toadstools (D:2)
28 creatures vanquished.

Grand Total: 146 creatures vanquished

Notes
Turn   | Place    | Note
-------+----------+-------------------------------------------
     0 | D:1      | qw the Gargoyle Fighter began the quest for the Orb.
     0 | D:1      | Reached XP level 1. HP: 14/14 MP: 1/1
     0 | D:1      | 0 ||| qw: Version: 0.1-a-119-g272c26d
     0 | D:1      | 0 ||| qw: Game counter: 11070
     0 | D:1      | 0 ||| qw: Always use a shield: true
     0 | D:1      | 0 ||| qw: God list: Okawaru
     0 | D:1      | 0 ||| qw: Allow faded altars: false
     0 | D:1      | 0 ||| qw: Do Orc after D:15 true
     0 | D:1      | 0 ||| qw: Do second Lair branch before Depths: true
     0 | D:1      | 0 ||| qw: Lair rune preference: random
     0 | D:1      | 0 ||| qw: Plans: Normal, Zot, God:TSO, Crypt, Tomb, Pan,
                  | Slime, Hells, Zig, Abyss, Orb
     0 | D:1      | 0 ||| PLANNING D:1-11
    55 | D:1      | Reached skill level 2 in Axes
   144 | D:1      | Reached XP level 2. HP: 19/19 MP: 2/2
   218 | D:1      | 218 ||| Stepping ~*~*~tactically~*~*~ (stealth).
   220 | D:1      | 220 ||| Stepping ~*~*~tactically~*~*~ (hiding).
   662 | D:1      | Reached skill level 3 in Axes
   714 | D:1      | Found a faded altar of an unknown god.
   766 | D:1      | 766 ||| Stepping ~*~*~tactically~*~*~ (stealth).
   800 | D:1      | Reached XP level 3. HP: 19/23 MP: 3/3
  1190 | D:1      | 1190 ||| UPGRADING to +0 chain mail.
  1200 | D:1      | 1200 ||| DROPPING +0 scale mail.
  1201 | D:1      | 1201 ||| READING scroll labelled WIEMAI SAGYZ.
  1202 | D:1      | 1202 ||| READING scroll labelled DUGRAI CIDGHI.
  1203 | D:1      | 1203 ||| DRINKING 2 bubbling yellow potions.
  1308 | D:1      | 1308 ||| DROPPING potion of berserk rage.
  1595 | D:2      | Noticed Natasha
  1600 | D:2      | Killed Natasha
  1601 | D:2      | Reached XP level 4. HP: 28/28 MP: 4/4
  1636 | D:2      | Found a stormy altar of Qazlal.
  1808 | D:2      | Reached skill level 4 in Axes
  1824 | D:2      | 1824 ||| Stepping ~*~*~tactically~*~*~ (stealth).
  1861 | D:2      | 1861 ||| DROPPING +0 club.
  2142 | D:2      | Noticed Natasha
  2150 | D:2      | Killed Natasha
  2285 | D:2      | Found a runed translucent door.
  2286 | D:2      | Noticed Crazy Yiuf
  2317 | D:2      | 2317 ||| READING scroll labelled RIPSEDGHOUMO.
  2318 | D:2      | 2318 ||| READING scroll labelled IJOXAF PELAI.
  2319 | D:2      | 2319 ||| READING scroll labelled AHAEPIMOMATU.
  2320 | D:2      | 2320 ||| READING scroll labelled HIKKOE NODO.
  2421 | D:2      | 2421 ||| READING scroll labelled WECOSU CIDDAAQ.
  2421 | D:2      | Identified a scroll of acquirement
  2421 | D:2      | 2421 ||| ACQUIRING 1291 gold pieces
  2421 | D:2      | Acquired 1291 gold pieces
  2423 | D:2      | 2423 ||| DRINKING 3 fizzy ruby potions.
  2424 | D:2      | 2424 ||| READING 2 scrolls of identify.
  2424 | D:2      | 2424 ||| IDENTIFYING black potion
  2425 | D:2      | 2425 ||| DROPPING potion of brilliance.
  2513 | D:3      | Reached XP level 5. HP: 32/32 MP: 5/5
  2655 | D:3      | 2655 ||| Stepping ~*~*~tactically~*~*~ (stealth).
  2658 | D:3      | 2658 ||| Stepping ~*~*~tactically~*~*~ (stealth).
  2671 | D:3      | 2671 ||| Stepping ~*~*~tactically~*~*~ (stealth).
  2685 | D:3      | 2685 ||| Stepping ~*~*~tactically~*~*~ (stealth).
  3159 | D:3      | Reached skill level 5 in Axes
  3313 | D:3      | 3313 ||| READING scroll labelled COSOLO TOURUPH.
  3314 | D:3      | 3314 ||| DRINKING 2 fuming inky potions.
  3315 | D:3      | 3315 ||| DRINKING 2 fizzy yellow potions.
  3316 | D:3      | 3316 ||| READING 2 scrolls of identify.
  3316 | D:3      | 3316 ||| IDENTIFYING golden potion
  3317 | D:3      | 3317 ||| DROPPING potion of flight.
  3318 | D:3      | 3318 ||| DROPPING potion of degeneration.
  3334 | D:4      | 3334 ||| PLANNING OSSUARY
  3337 | D:4      | 3337 ||| STAIRDANCE
  3367 | D:4      | 3367 ||| STAIRDANCE
  3534 | D:4      | 3534 ||| DRINKING 3 potions of curing.
  3534 | D:4      | 3534 ||| (to cure confusion)
  3541 | D:4      | Reached XP level 6. HP: 29/38 MP: 6/6
  3822 | D:4      | Reached skill level 6 in Axes
  3980 | D:4      | Found a sand-covered staircase.
  3981 | D:4      | 3981 ||| UPGRADING to +0 helmet.
  3986 | D:4      | 3986 ||| READING scroll labelled SIOCSI LELI.
  3989 | D:4      | 3989 ||| READING scroll labelled GACEUL ZUOXZI.
  4019 | Ossuary  | Entered an ossuary
  4133 | Ossuary  | Noticed a wraith
  4133 | Ossuary  | Noticed a flying skull
  4146 | Ossuary  | Noticed a flying skull
  4179 | Ossuary  | Reached skill level 1 in Dodging
  4179 | Ossuary  | Reached XP level 7. HP: 40/43 MP: 7/7
  4211 | Ossuary  | Noticed a wraith
  4229 | Ossuary  | HP: 4/43 [wraith (9)]
  4230 | Ossuary  | 4230 ||| DRINKING potion of heal wounds.
  4233 | Ossuary  | Killed a wraith
  4462 | Ossuary  | Noticed a wraith
  4481 | Ossuary  | Killed a wraith
  4482 | Ossuary  | Reached skill level 7 in Axes
  4781 | Ossuary  | 4781 ||| READING scroll labelled YBANAE NALI.
  4782 | Ossuary  | 4782 ||| READING scroll labelled ORACEX BUTZOE.
  4783 | Ossuary  | 4783 ||| DRINKING 3 clear potions.
  4784 | Ossuary  | 4784 ||| READING 2 scrolls of identify.
  4784 | Ossuary  | 4784 ||| IDENTIFYING smoky amethyst potion
  4833 | D:4      | 4833 ||| PLANNING D:1-11
  4971 | D:4      | Reached XP level 8. HP: 41/48 MP: 8/8
  5138 | D:5      | Entered Level 5 of the Dungeon
  5146 | D:5      | 5146 ||| STAIRDANCE
  5222 | D:5      | 5222 ||| Stepping ~*~*~tactically~*~*~ (hiding).
  5226 | D:5      | HP: 7/49 [gnoll/+2 whip of distortion (7)]
  5227 | D:5      | 5227 ||| READING scroll of teleportation.
  5229 | D:5      | HP: 1/49 [gnoll/+2 whip of distortion (3)]
  5553 | D:5      | Reached skill level 1 in Throwing
  5594 | D:5      | 5594 ||| Stepping ~*~*~tactically~*~*~ (stealth).
  5609 | D:5      | 5609 ||| Stepping ~*~*~tactically~*~*~ (stealth).
  5706 | D:5      | 5706 ||| Stepping ~*~*~tactically~*~*~ (stealth).
  5707 | D:5      | 5707 ||| Stepping ~*~*~tactically~*~*~ (stealth).
  5710 | D:5      | 5710 ||| Stepping ~*~*~tactically~*~*~ (hiding).
  5740 | D:5      | 5740 ||| Stepping ~*~*~tactically~*~*~ (stealth).
  5746 | D:5      | HP: 12/49 [white imp/puff of frost (8)]
  5976 | D:5      | 5976 ||| DROPPING +0 whip.
  6040 | D:5      | HP: 4/49 [gnoll/+0 flail[a gnoll bouda] (9)]
  6041 | D:5      | Slain by a gnoll

Levels and vault maps discovered:
D:1:      reono_arrival_mine, layout_basic, ebering_ecumenical_altar_petrified,
          chequers_serial_rivers_room_b
D:2:      layout_loops_ring, basic_altar, minmay_gold_behind_fungi,
          amcnicky_mini_pool_small, minmay_goblin_kobold_house, uniq_natasha,
          uniq_crazy_yiuf_cottage
D:3:      layout_basic
D:4:      layout_rooms, nicolae_ossuary_entry_plus, minivault_5
D:5:      layout_cave_pods, nicolae_overflow_crystal_walls, serial_bayou,
          serial_bayou_shore_a, serial_bayou_pond_a, serial_bayou_shore_b,
          serial_bayou_ford_a, minmay_misc_feat_four_crosses,
          hangedman_decor_clover_reticule, nicolae_shop_self_help

Skill      XL: |  1  2  3  4  5  6  7  8 |
---------------+-------------------------+-----
Axes           | 2 3 4 5 6 7 |  7.6
Fighting       | 4 5 |  5.1
Dodging        | 1 |  1.6
Throwing       | 1 |  1.0
Armour         | |  3.2
Shields        | |  3.2

Action                   |  1- 3 |  4- 6 |  7- 9 || total
-------------------------+-------+-------+-------++-------
Melee: War axe           |    95 |   216 |   149 ||   460
Throw: Boomerang         |       |    37 |    23 ||    60
  Use: Scroll            |     2 |    10 |     4 ||    16
       Potion            |     1 |     4 |     2 ||     7
 Stab: Distracted        |       |       |     1 ||     1
Armor: Scale mail        |    29 |       |       ||    29
       Chain mail        |    13 |   156 |   105 ||   274
Dodge: Dodged            |    45 |    78 |    71 ||   194
Block: Buckler           |    16 |    52 |    30 ||    98

Table legend:
 A = Non-vault XP
 B = Vault XP
 C = Vault XP percentage of total XP
 D = Non-vault monster count
 E = Vault monster count
 F = Vault count percentage of total count
                 A         B        C        D         E       F
            +---------+---------+-------+---------+---------+-------
      Total |     841 |     634 |  43.0 |      99 |      19 |  16.1
            +---------+---------+-------+---------+---------+-------
        D:1 |      38 |       0 |   0.0 |      23 |       0 |   0.0
        D:2 |      82 |      44 |  34.9 |      20 |       5 |  20.0
        D:3 |      65 |       0 |   0.0 |      17 |       0 |   0.0
        D:4 |     403 |       0 |   0.0 |      23 |       0 |   0.0
        D:5 |     253 |       0 |   0.0 |      16 |       0 |   0.0
    Ossuary |       0 |     590 | 100.0 |       0 |      14 | 100.0
            +---------+---------+-------+---------+---------+-------
